3AA
RICHLAND RAILS @ GLENDALE HERONS
07/30/2026
 
TOP OF THE 1ST
Richland Rails batting - Pitching for Glendale Herons : RHP David Davis
Pitching: RHP David Davis
Batting: SHB Pablo Coloa 0-0: Called Strike
0-1: Ball
1-1: Ball
2-1: Ground out U3 (Groundball, 3)
Batting: RHB Trent Burch 0-0: Called Strike
0-1: Ground out 5-3 (Groundball, 5S)
Batting: LHB Frank Sharp 0-0: Called Strike
0-1: Foul Ball, location: 2F
0-2: Strikes out looking
Top of the 1st over - 0 run(s), 0 hit(s), 0 error(s), 0 left on base; Richland 0 - Glendale 0
BOTTOM OF THE 1ST
Glendale Herons batting - Pitching for Richland Rails : LHP Bart Gresham
Pitching: LHP Bart Gresham
Batting: RHB Daniel Maldonado 0-0: Ball
1-0: Fly out, F7 (Flyball, 7LMF)
Batting: SHB Raúl Duarte 0-0: Ball
1-0: Ball
2-0: SINGLE (Groundball, 6) (infield hit)
Pinch Runner at 1st Javier Lima:
Batting: RHB Jordan Hollins 0-0: Ball
1-0: Ball
2-0: Ball
3-0: Base on Balls
Javier Lima to second
Batting: LHB Ruud van Ineveld 0-0: Ball
1-0: Foul Ball, location: 2F
1-1: Ball
2-1: Swinging Strike
2-2: Strikes out swinging
Batting: RHB Álex Cordero 0-0: Fielders Choice at 2nd, 6-4 (Groundball, 6)
Bottom of the 1st over - 0 run(s), 1 hit(s), 0 error(s), 1 left on base; Richland 0 - Glendale 0
TOP OF THE 2ND
Richland Rails batting - Pitching for Glendale Herons : RHP David Davis
Now at SS: Javier Lima
Batting: SHB Jasper Otto 0-0: Ball
1-0: Ball
2-0: Ball
3-0: Base on Balls
Batting: RHB Rubén Hernández 0-0: Ball
1-0: Ball
2-0: Ball
3-0: Called Strike
3-1: Called Strike
3-2: Foul Ball, location: 2F
3-2: Ground out 4-3 (Groundball, 34)
Jasper Otto to second
Batting: LHB Jorge Greenbaum 0-0: Called Strike
0-1: Ball
1-1: Ground out U3 (Groundball, 34)
Jasper Otto to third
Batting: LHB Armando Peña 0-0: Ball
1-0: Called Strike
1-1: Fly out, F9 (Line Drive, 9)
Top of the 2nd over - 0 run(s), 0 hit(s), 0 error(s), 1 left on base; Richland 0 - Glendale 0
BOTTOM OF THE 2ND
Glendale Herons batting - Pitching for Richland Rails : LHP Bart Gresham
Batting: RHB Ramón Hernández 0-0: Ball
1-0: Swinging Strike
1-1: SINGLE (Groundball, 4MD)
Batting: RHB Santiago Ramos 0-0: Called Strike
0-1: Foul Ball, location: 2F
0-2: Strikes out looking
Batting: RHB Cristián Lima 0-0: Called Strike
0-1: Ball
1-1: Fly out, F8 (Line Drive, 8LD)
Batting: SHB Tom Oglander 0-0: Fly out, F9 (Flyball, 9LS)
Bottom of the 2nd over - 0 run(s), 1 hit(s), 0 error(s), 1 left on base; Richland 0 - Glendale 0
TOP OF THE 3RD
Richland Rails batting - Pitching for Glendale Herons : RHP David Davis
Batting: RHB Fernando Granados 0-0: Ground out 5-3 (Groundball, 56S)
Batting: LHB Orlando Casillas 0-0: Ball
1-0: Called Strike
1-1: Bunted foul
1-2: Ball
2-2: SINGLE (Flyball, 6MD)
Batting: SHB Pablo Coloa 0-0: Ball
1-0: Fly out, F4 (Line Drive, 4)
Batting: RHB Trent Burch 0-0: Ball
1-0: Ball
2-0: Called Strike
2-1: Ground out 1-3 (Groundball, P)
Top of the 3rd over - 0 run(s), 1 hit(s), 0 error(s), 1 left on base; Richland 0 - Glendale 0
BOTTOM OF THE 3RD
Glendale Herons batting - Pitching for Richland Rails : LHP Bart Gresham
Batting: RHB Daniel Maldonado 0-0: Foul Ball, location: 2F
0-1: Ball
1-1: Ground out 4-3 (Groundball, 4S)
Batting: RHB Javier Lima 0-0: Ball
1-0: Ground out 4-3 (Groundball, 4)
Batting: RHB Jordan Hollins 0-0: Reached on error, E4 (Groundball, 4)
Batting: LHB Ruud van Ineveld 0-0: Fielders Choice at 2nd, 4-6 (Groundball, 34)
Bottom of the 3rd over - 0 run(s), 0 hit(s), 1 error(s), 0 left on base; Richland 0 - Glendale 0
TOP OF THE 4TH
Richland Rails batting - Pitching for Glendale Herons : RHP David Davis
Batting: LHB Frank Sharp 0-0: Ball
1-0: Swinging Strike
1-1: Foul Ball, location: 2F
1-2: Ball
2-2: Ball
3-2: SINGLE (Groundball, 56D)
Batting: SHB Jasper Otto 0-0: Ball
Frank Sharp is caught stealing 2nd base
1-0: Foul Ball, location: 2F
1-1: Ground out 1-3 (Groundball, 13S)
Batting: RHB Rubén Hernández 0-0: Ball
1-0: Ball
2-0: Fly out, F8 (Line Drive, 89D)
Top of the 4th over - 0 run(s), 1 hit(s), 0 error(s), 0 left on base; Richland 0 - Glendale 0
BOTTOM OF THE 4TH
Glendale Herons batting - Pitching for Richland Rails : LHP Bart Gresham
Batting: RHB Álex Cordero 0-0: Called Strike
0-1: Ball
1-1: Ball
2-1: Ball
3-1: Base on Balls
Batting: RHB Ramón Hernández 0-0: Called Strike
0-1: Ball
1-1: Swinging Strike
1-2: Strikes out swinging
Batting: RHB Santiago Ramos 0-0: Called Strike
0-1: Ball
1-1: Ball
2-1: SINGLE (Groundball, 56) (infield hit)
Álex Cordero to second
Batting: RHB Cristián Lima 0-0: Called Strike
0-1: Foul Ball, location: 2F
0-2: Ball
1-2: Foul Ball, location: 2F
1-2: Ball
2-2: Foul Ball, location: 2F
2-2: Ball
3-2: Foul Ball, location: 2F
3-2: Foul Ball, location: 2F
3-2: Ground out 5-3 (Groundball, 56S)
Álex Cordero to third
Santiago Ramos to second
Batting: SHB Tom Oglander 0-0: Swinging Strike
0-1: Ball
1-1: Foul Ball, location: 2F
1-2: Fly out, F7 (Flyball, 7S)
Bottom of the 4th over - 0 run(s), 1 hit(s), 0 error(s), 2 left on base; Richland 0 - Glendale 0
TOP OF THE 5TH
Richland Rails batting - Pitching for Glendale Herons : RHP David Davis
Batting: LHB Jorge Greenbaum 0-0: Called Strike
0-1: Ball
1-1: Ball
2-1: Ball
3-1: Fly out, F8 (Flyball, 8LS)
Batting: LHB Armando Peña 0-0: Ball
1-0: Foul Ball, location: 2F
1-1: Swinging Strike
1-2: Foul Ball, location: 2F
1-2: Foul Ball, location: 2F
1-2: Ball
2-2: SINGLE (Line Drive, 8LS)
Batting: RHB Fernando Granados 0-0: Ball
Armando Peña is caught stealing 2nd base
1-0: Ball
2-0: Ground out 6-3 (Groundball, 56)
Top of the 5th over - 0 run(s), 1 hit(s), 0 error(s), 0 left on base; Richland 0 - Glendale 0
BOTTOM OF THE 5TH
Glendale Herons batting - Pitching for Richland Rails : LHP Bart Gresham
Batting: RHB Daniel Maldonado 0-0: Ball
1-0: Ball
2-0: SOLO HOME RUN (Flyball, 7D), Distance : 373 ft
Batting: RHB Javier Lima 0-0: Called Strike
0-1: Ball
1-1: Ball
2-1: Ball
3-1: Fly out, F9 (Flyball, 9)
Batting: RHB Jordan Hollins 0-0: Called Strike
0-1: Ball
1-1: Fly out, F5 (Line Drive, 5)
Batting: LHB Ruud van Ineveld 0-0: Swinging Strike
0-1: Ball
1-1: Foul Ball, location: 2F
1-2: Fly out, F7 (Flyball, 78M)
Bottom of the 5th over - 1 run(s), 1 hit(s), 0 error(s), 0 left on base; Richland 0 - Glendale 1
TOP OF THE 6TH
Richland Rails batting - Pitching for Glendale Herons : RHP David Davis
Batting: LHB Orlando Casillas 0-0: Ground out 3-1 (Groundball, 34)
Batting: SHB Pablo Coloa 0-0: Swinging Strike
0-1: SINGLE (Line Drive, 6)
Batting: RHB Trent Burch 0-0: Ball
1-0: Ball
Pablo Coloa steals 2nd base
2-0: Ball
3-0: Called Strike
3-1: SINGLE (Line Drive, 8LS)
Pablo Coloa to third
Runner from 3rd tries for Home, SAFE, no throw
Batting: LHB Frank Sharp 0-0: Ball
1-0: 2-RUN HOME RUN (Flyball, 7D), Distance : 367 ft
Batting: SHB Jasper Otto 0-0: Called Strike
0-1: Fly out, F9 (Flyball, 9)
Batting: RHB Rubén Hernández 0-0: Called Strike
0-1: Foul Ball, location: 2F
0-2: Strikes out swinging
Top of the 6th over - 3 run(s), 3 hit(s), 0 error(s), 0 left on base; Richland 3 - Glendale 1
BOTTOM OF THE 6TH
Glendale Herons batting - Pitching for Richland Rails : LHP Bart Gresham
Batting: RHB Álex Cordero 0-0: Ball
1-0: Ground out 5-3 (Groundball, 5S)
Batting: RHB Ramón Hernández 0-0: Ball
1-0: Foul Ball, location: 2F
1-1: Fly out, F7 (Flyball, 7)
Batting: RHB Santiago Ramos 0-0: Ball
1-0: Called Strike
1-1: Ball
2-1: Swinging Strike
2-2: Strikes out swinging
Bottom of the 6th over - 0 run(s), 0 hit(s), 0 error(s), 0 left on base; Richland 3 - Glendale 1
TOP OF THE 7TH
Richland Rails batting - Pitching for Glendale Herons : RHP David Davis
Batting: LHB Jorge Greenbaum 0-0: Called Strike
0-1: Ball
1-1: Ball
2-1: Ground out U3 (Groundball, 3L)
Batting: LHB Armando Peña 0-0: Ball
1-0: Called Strike
1-1: Called Strike
1-2: Strikes out swinging
Batting: RHB Fernando Granados 0-0: Ball
1-0: Ball
2-0: Foul Ball, location: 2F
2-1: Ball
3-1: Foul Ball, location: 2F
3-2: Foul Ball, location: 2F
3-2: Fly out, F9 (Flyball, 9S)
Top of the 7th over - 0 run(s), 0 hit(s), 0 error(s), 0 left on base; Richland 3 - Glendale 1
BOTTOM OF THE 7TH
Glendale Herons batting - Pitching for Richland Rails : LHP Bart Gresham
Batting: RHB Cristián Lima 0-0: Ball
1-0: Ball
2-0: Ball
3-0: Foul Ball, location: 2F
3-1: Called Strike
3-2: Strikes out swinging
Pitching: RHP Luis Bejarano
Batting: SHB Tom Oglander 0-0: Ball
1-0: Foul Ball, location: 2F
1-1: Ball
2-1: Called Strike
2-2: Fly out, F9 (Flyball, 9)
Batting: RHB Daniel Maldonado 0-0: SOLO HOME RUN (Flyball, 7D), Distance : 382 ft
Batting: RHB Javier Lima 0-0: Fly out, F8 (Flyball, 8RS)
Bottom of the 7th over - 1 run(s), 1 hit(s), 0 error(s), 0 left on base; Richland 3 - Glendale 2
TOP OF THE 8TH
Richland Rails batting - Pitching for Glendale Herons : RHP David Davis
Batting: LHB Orlando Casillas 0-0: Ball
1-0: Foul Ball, location: 2F
1-1: Swinging Strike
1-2: Foul Ball, location: 2F
1-2: Strikes out swinging
Batting: SHB Pablo Coloa 0-0: Foul Ball, location: 2F
0-1: Called Strike
0-2: Ball
1-2: Strikes out swinging
Batting: RHB Trent Burch 0-0: Ball
1-0: Ground out 6-3 (Groundball, 6)
Top of the 8th over - 0 run(s), 0 hit(s), 0 error(s), 0 left on base; Richland 3 - Glendale 2
BOTTOM OF THE 8TH
Glendale Herons batting - Pitching for Richland Rails : RHP Luis Bejarano
Now at SS: Kenny Rush
Now in CF: Roberto Madrid
Now in RF: Bernardo Cruz
Batting: RHB Jordan Hollins 0-0: Called Strike
0-1: Fly out, F9 (Flyball, 89D)
Batting: LHB Ruud van Ineveld 0-0: Called Strike
0-1: Ball
1-1: Ground out 4-3 (Groundball, 4M)
Batting: RHB Álex Cordero 0-0: Ball
1-0: Ball
2-0: Ball
3-0: Called Strike
3-1: Swinging Strike
3-2: Foul Ball, location: 2F
3-2: Base on Balls
Pinch Runner at 1st Pedro Vásquez:
Pinch Hitting: LHB José Rodríguez 0-0: SINGLE (Groundball, 6MD)
Pedro Vásquez to second
Runner from 2nd tries for 3rd, SAFE, throw made to third
José Rodríguez to second
Pitching: RHP Jim Unknown
Batting: RHB Santiago Ramos 0-0: Foul Ball, location: 2F
0-1: Called Strike
0-2: Strikes out swinging
Bottom of the 8th over - 0 run(s), 1 hit(s), 0 error(s), 2 left on base; Richland 3 - Glendale 2
TOP OF THE 9TH
Richland Rails batting - Pitching for Glendale Herons : RHP David Davis
Now at 1B: José Rodríguez
Batting: LHB Frank Sharp 0-0: Ball
1-0: Fly out, F4 (Popup, 4D)
Batting: SHB Jasper Otto 0-0: Ball
1-0: Ground out 6-3 (Groundball, 6)
Batting: RHB Rubén Hernández 0-0: DOUBLE (Groundball, 5L)
Batting: LHB Jorge Greenbaum 0-0: Fly out, F8 (Flyball, 8LD)
Top of the 9th over - 0 run(s), 1 hit(s), 0 error(s), 1 left on base; Richland 3 - Glendale 2
BOTTOM OF THE 9TH
Glendale Herons batting - Pitching for Richland Rails : RHP Jim Unknown
Batting: RHB Cristián Lima 0-0: Ball
1-0: Swinging Strike
1-1: Foul Ball, location: 2F
1-2: Ground out 1-3 (Groundball, 13S)
Pinch Hitting: RHB Jim Unknown 0-0: Ball
1-0: Fly out, F4 (Popup, 4)
Pinch Hitting: LHB José Meléndez 0-0: Ball
1-0: Ball
2-0: Fly out, F6 (Line Drive, 6D)
Bottom of the 9th over - 0 run(s), 0 hit(s), 0 error(s), 0 left on base; Richland 3 - Glendale 2
Monday, March 20th, 2017 - OOTP Baseball 17.12 Build 75